 Dungeon Crawl Stone Soup version 0.21.1-1-g345015f (webtiles) character file.

183 kae the Insei (level 5, -1/38 HPs)
             Began as a Demonspawn Transmuter on June 14, 2018.
             Slain by a wight
             ... wielding a +2 mace of freezing
              (3 damage)
             ... on level 2 of the Dungeon.
             The game lasted 00:03:17 (3670 turns).

kae the Insei (Demonspawn Transmuter)               Turns: 3670, Time: 00:03:18

Health: -1/38      AC:  4    Str: 16    XL:     5   Next: 35%
Magic:  2/9        EV: 12    Int: 14    God:
Gold:   56         SH:  0    Dex: 14    Spells: 3/9 levels left

rFire    . . .     SeeInvis .     - Unarmed
rCold    . . .     Gourm    .   (no shield)
rNeg     . . .     Faith    .   b - +0 robe
rPois    .         Spirit   .   (no helmet)
rElec    .         Reflect  .   (no cloak)
rCorr    .         Harm     .   (no gloves)
MR       .....                  (no boots)
Stlth    +.........             (no amulet)
HPRegen  0.12/turn              (no ring)
MPRegen  0.11/turn              (no ring)

@: mighty, heavily drained
A: claws 1, iridescent scales 1, powered by pain 1
a: no special abilities


You were on level 2 of the Dungeon.
You were not hungry.

You visited 1 branch of the dungeon, and saw 3 of its levels.

You collected 56 gold pieces.

Inventory:

Missiles
 a - 29 arrows
Armour
 b - a +0 robe (worn)
Scrolls
 h - a scroll of remove curse
Potions
 j - a potion of might
Books
 c - a book of Changes

   Spells                             Type                      Level
   a - Beastly Appendage              Transmutation                1
   b - Sticks to Snakes               Transmutation                2
   c - Spider Form                    Transmutation/Poison         3
   d - Ice Form                       Ice/Transmutation            4
   e - Blade Hands                    Transmutation                5
Comestibles
 d - 5 rations
 f - 5 chunks of flesh


   Skills:
 + Level 2.2(1.0) Fighting
 + Level 2.5(1.3) Dodging
 * Level 3.9(2.7) Unarmed Combat
 + Level 2.6(1.4) Spellcasting
 + Level 2.5(1.3) Transmutations


You had 3 spell levels left.
You knew the following spells:

 Your Spells              Type           Power        Failure   Level  Hunger
a - Beastly Appendage     Tmut           #.....       14%         1    ##.....
b - Sticks to Snakes      Tmut           #.......     22%         2    ###....
c - Spider Form           Tmut/Pois      #.........   50%         3    ####...


Dungeon Overview and Level Annotations

Branches:
Dungeon (3/15)

Altars:


Innate Abilities, Weirdness & Mutations

You have sharp fingernails.
You are partially covered in iridescent scales. (AC +2)
You sometimes gain a little power by taking damage.


Message History

It was a potion of might.
You feel very mighty all of a sudden.
The wight hits you with a mace of freezing.
The wight freezes you.
You scratch the wight but do no damage. The wight misses you.
You closely miss the wight. The wight closely misses you.
You closely miss the wight. The wight closely misses you.
You closely miss the wight. You closely miss the wight.
The wight hits you with a mace of freezing!
* * * LOW HITPOINT WARNING * * *
You feel drained.
* * * LOW HITPOINT WARNING * * *
The wight freezes you.
* * * LOW HITPOINT WARNING * * *
You closely miss the wight. The wight hits you but does no damage.
You closely miss the wight. The wight closely misses you.
You barely miss the wight.
The wight hits you with a mace of freezing.
You die...

####.# #....)................).
...#<# #.######################
##.#.# #.# ####### .#.#.# #.#
#.....# .#.#[# #.# #.....#
.'.#.#####'#########.....########
.###...............#.....'..<....
...................#.....########
####...........z@..#........##...
...#...............#........##...
...................#........##...
.....>.............#........##...
.........#'#########........##...
.........#.#########........##...
.........#.#................##...
.........#..........##+#)...##...
....................'..#....##...


You could see a wight.

Vanquished Creatures
  A wight (D:2)
  4 gnolls (D:2)
  2 adders (D:2)
  An ooze (D:1)
  2 worms (D:2)
  3 dart slugs
  3 orcs (D:3)
  3 giant cockroaches
  8 goblins
  7 hobgoblins
  8 jackals
  7 kobolds
  7 bats
  7 frilled lizards
  4 rats
67 creatures vanquished.

Notes
Turn   | Place    | Note
-------+----------+-------------------------------------------
     0 | D:1      | kae the Demonspawn Transmuter began the quest for the Orb.
     0 | D:1      | Reached XP level 1. HP: 15/15 MP: 3/3
   306 | D:1      | Gained mutation: You sometimes gain a little power by taking damage. [demonic ancestry]
   306 | D:1      | Reached XP level 2. HP: 7/21 MP: 5/5
   542 | D:1      | Reached skill level 3 in Unarmed Combat
   813 | D:1      | Gained mutation: You are partially covered in iridescent scales. (AC +2) [demonic ancestry]
   813 | D:1      | Reached XP level 3. HP: 19/26 MP: 4/6
  1808 | D:2      | Learned a level 2 spell: Sticks to Snakes
  1812 | D:2      | Learned a level 3 spell: Spider Form
  2015 | D:2      | Reached XP level 4. HP: 31/33 MP: 3/7
  3084 | D:1      | Gained mutation: You have sharp fingernails. [demonic ancestry]
  3084 | D:1      | Reached XP level 5. HP: 15/38 MP: 6/8
  3670 | D:2      | Slain by a wight

Skill      XL: |  1  2  3  4 |
---------------+-------------+-----
Unarmed Combat | 3 |  3.9
Transmutations | 2 |  2.5
Dodging        | 2 |  2.5
Fighting       | 2 |  2.2
Spellcasting   | |  2.6

Action                   |  1- 3 |  4- 6 || total
-------------------------+-------+-------++-------
Melee: Unarmed           |   157 |   101 ||   258
       Headbutt          |     5 |       ||     5
       Kick              |     5 |       ||     5
 Cast: Beastly Appendage |    20 |     2 ||    22
       Spider Form       |     1 |     9 ||    10
  Use: Scroll            |     4 |     2 ||     6
       Potion            |     1 |     4 ||     5
  Eat: Chunk             |     3 |     5 ||     8
       Ration            |       |     1 ||     1
Armor: Robe              |    40 |    21 ||    61
       Skin              |       |     3 ||     3
Dodge: Dodged            |   132 |   104 ||   236
